 Dungeon Crawl Stone Soup version 0.31-a0-1539-g569d6c7dce (webtiles) character file.

Game seed: 10376575962516235267

432 Flugslaktarn the Trooper (level 6, 0/57 HPs)
             Began as a Minotaur Fighter on Jan 1, 2024.
             Incinerated by a bombardier beetle (4 damage)
             ... with a burning spray
             ... on level 4 of the Dungeon.
             The game lasted 00:01:37 (3335 turns).

Flugslaktarn the Trooper (Minotaur Fighter)         Turns: 3335, Time: 00:01:38

Health: 0/57       AC:  7    Str: 29    XL:     6   Next: 67%
Magic:  5/5        EV:  9    Int:  5    God:
Gold:   215        SH:  8    Dex:  9    Spells: 5/5 levels left

rFire   . . .        a - +0 war axe
rCold   . . .        m - +0 kite shield
rNeg    . . .        b - +0 scale mail
rPois   +            (helmet restricted)
rElec   .            (no cloak)
rCorr   .            (no gloves)
SInv    .            (no boots)
Will    .....        (no amulet) Stlth
                     o - ring of poison resistance
HPRegen 0.29/turn    n - +6 ring of strength
MPRegen 0.09/turn

%: no passive effects
@: on fire, glowing
A: horns 2, retaliatory headbutt
a: no special abilities


You were on level 4 of the Dungeon.
You visited 1 branch of the dungeon, and saw 4 of its levels.

You collected 269 gold pieces.
You spent 54 gold pieces at shops.

Inventory:

Hand Weapons
 a - a +0 war axe (weapon)
Missiles
 v - a throwing net
Armour
 b - a +0 scale mail (worn)
 c - a +0 buckler
 m - a +0 kite shield (worn)
   (You bought it in a shop on level 3 of the Dungeon)
Jewellery
 n - a +6 ring of strength (right hand)
   (You found it on level 3 of the Dungeon)
 o - a ring of poison resistance (left hand)
   (You found it on level 3 of the Dungeon)
 y - the ring "Upozu" {rPois rF+ rC+ Will+ Dex+3}
   (You found it on level 4 of the Dungeon)

   [ring of poison resistance]

   Dex+3:     It affects your dexterity (+3).
   rF+:       It protects you from fire.
   rC+:       It protects you from cold.
   rPois:     It protects you from poison Will+: It increases your willpower.
Wands
 i - a wand of paralysis (10)
   (You found it on level 2 of the Dungeon)
 w - a wand of roots (9)
   (You found it on level 4 of the Dungeon)
Scrolls
 f - 3 scrolls of identify {unknown}
 h - a scroll of noise {unknown}
 j - 2 scrolls of brand weapon {unknown}
 l - a scroll of enchant weapon {unknown}
 s - a scroll of fear {unknown}
 t - a scroll of torment {unknown}
 u - a scroll of vulnerability {unknown}
 x - a scroll of poison {unknown}
Potions
 d - 2 potions of might
 e - a potion of curing {unknown}
 g - a potion of brilliance {unknown}
 k - a potion of ambrosia {unknown}
 p - a potion of attraction {unknown}
 q - a potion of invisibility {unknown}
 r - 3 potions of mutation {unknown}
 z - a potion of magic {unknown}
 A - a potion of enlightenment {unknown}


   Skills:
 * Level 6.2 Fighting
 * Level 5.5 Axes
 + Level 5.1 Armour
 + Level 4.2 Shields


You had 5 spell levels left.
You didn't know any spells.
Your spell library contained the following spells:

 Spells                   Type           Power      Damage    Failure   Level
 Apportation              Tloc           0%         N/A       90%         1
 Necrotise                Necr           0%         1d4       90%         1
 Slow                     Hex            0%         N/A       90%         1
 Sting                    Conj/Alch      0%         1d3       90%         1
 Summon Small Mammal      Summ           0%         N/A       90%         1
 Confusing Touch          Hex            0%         N/A       99%         3
 Sigil of Binding         Hex            0%         N/A       99%         3
 Vampiric Draining        Necr           0%         2d6       99%         3


Dungeon Overview and Level Annotations

Branches:
Dungeon (4/15)
 Temple: D:4-7

Altars:
Ashenzari
Elyvilon
Hepliaklqana
Kikubaaqudgha
Ru
Sif Muna
Trog
Uskayaw
The Shining One

Shops:
D:1 *   D:3 [


Innate Abilities, Weirdness & Mutations

You have a pair of horns on your head.
You reflexively headbutt those who attack you in melee.


Message History

No target in view!
No target in view!
No target in view!
You now have 215 gold pieces (gained 10).
You see here an adder corpse.
Found a scale mail.
No target in view!
Found a shimmering blue altar of Sif Muna.
There is a stone staircase leading up here.
An endoplasm comes into view.
The endoplasm quivers.
The endoplasm hits you but does no damage.
You slash the endoplasm!
You kill the endoplasm!
No target in view!
No target in view!
No target in view!
Found a stone staircase leading up.
No target in view!
Found a spear.
Found a flux talisman.
No target in view!
No target in view!
No target in view!
No target in view!
No target in view!
A bombardier beetle and an orc come into view.
Found 8 gold pieces and a beast talisman.
The orc shouts!
You hear a shout!
An orc comes into view. It is wielding a +0 club.
There are monsters nearby!
There are monsters nearby!
An orc wizard comes into view. It is wielding a +2 dagger of flaming.
The orc wizard shouts!
An orc comes into view. It is wielding a +0 dagger.
The orc wizard gestures wildly while chanting.
The orc wizard flickers and vanishes!
Deactivating autopickup; reactivate with Ctrl-A.
The orc shouts!
The bombardier beetle sprays incendiary fluid at you.
The burning spray hits you.
You are covered in liquid fire!
You slash the bombardier beetle!
The bombardier beetle is severely wounded.
The liquid fire burns you!
The bombardier beetle sprays incendiary fluid at you.
The burning spray hits you.
You are even more covered in liquid fire!
You barely miss the bombardier beetle.
Your headbutt misses the bombardier beetle.
The bombardier beetle is severely wounded.
The liquid fire burns you!
You hit the bombardier beetle.
The bombardier beetle is severely wounded.
The liquid fire burns you!
The bombardier beetle sprays incendiary fluid at you.
The burning spray hits you.
You are even more covered in liquid fire!
You barely miss the bombardier beetle.
The bombardier beetle is severely wounded.
You slash the orc!
You kill the orc!
The liquid fire burns you!
An orc comes into view. It is wielding a +1 heavy hand axe.
The bombardier beetle bites you but does no damage.
You slash the bombardier beetle!
You kill the bombardier beetle!
You closely miss the orc. The liquid fire burns you!
You block the orc's attack.
You shake off some of the fire as you move.
The liquid fire burns you! The orc attacks as it pursues you!
The orc hits you with a +0 dagger.
You see here a bombardier beetle corpse.
You barely miss the orc. You headbutt the orc.
You kill the orc!
The liquid fire burns you!
You barely miss something. The liquid fire burns you!
* * * LOW HITPOINT WARNING * * *
You hear some strange, mumbled words.
A puff of flame appears from out of thin air!
You block the puff of flame.
You are too injured to fight recklessly!
You slash something! The liquid fire burns you!
* * * LOW HITPOINT WARNING * * *
You block something's attack. Something hits you.
* * * LOW HITPOINT WARNING * * *
Something burns you.
* * * LOW HITPOINT WARNING * * *
You are too injured to fight recklessly!
You hit something. The liquid fire burns you!
* * * LOW HITPOINT WARNING * * *
Something hits you but does no damage.
Found a war axe and 12 gold pieces.
You shake off some of the fire as you move.
The liquid fire burns you!
You die...

# #.################ #
######## #.#.....[.........
##
##....<.####.#..#...#...#...#
.#
.............#_..............
##
##)####.######..#...#...#...#
# #.# #............... #.#
################
..####.###########$
$.......oo{†@.......
##.##.#.###########) #.#%# #
#.# #.# # #.# ##.# .%# ... ##
#


You could see 2 orcs.

Vanquished Creatures
  2 bombardier beetles
  2 jellies (D:3)
  2 iguanas (D:4)
  Natasha (thrice) (D:2)
  A gnoll (D:1)
  7 adders
  A dart slug (D:2)
  2 ribbon worms
  2 orcs (D:4)
  8 ball pythons
  8 bats
  24 endoplasms
  2 giant cockroaches
  10 goblins
  2 hobgoblins
  3 jackals (D:1)
  10 kobolds
  2 quokkas
  3 frilled lizards
  6 rats
100 creatures vanquished.

Notes
Turn   | Place    | Note
-------+----------+-------------------------------------------
     0 | D:1      | Flugslaktarn the Minotaur Fighter began the quest for the
                  | Orb.
     0 | D:1      | Reached XP level 1. HP: 19/19 MP: 0/0
   109 | D:1      | Reached XP level 2. HP: 27/27 MP: 1/1
   125 | D:1      | Reached skill level 4 in Fighting
   193 | D:1      | Found Sacaib's General Store.
   490 | D:1      | Reached XP level 3. HP: 30/34 MP: 2/2
   968 | D:2      | Noticed Natasha
   977 | D:2      | Killed Natasha
   978 | D:2      | Reached XP level 4. HP: 12/41 MP: 3/3
  1036 | D:2      | Noticed Natasha
  1048 | D:2      | Killed Natasha
  1181 | D:2      | Reached skill level 5 in Fighting
  1641 | D:2      | Noticed Natasha
  1652 | D:2      | Killed Natasha
  1653 | D:2      | Reached XP level 5. HP: 24/48 MP: 4/4
  1883 | D:3      | Found an ancient bone altar of Kikubaaqudgha.
  1901 | D:3      | Found Xamnuet's Armour Shoppe.
  1946 | D:3      | Bought a +0 kite shield for 54 gold pieces
  2201 | D:3      | Found a broken altar of Ashenzari.
  2201 | D:3      | Found a hide-covered altar of Uskayaw.
  2201 | D:3      | Found a sacrificial altar of Ru.
  2201 | D:3      | Found a white marble altar of Elyvilon.
  2201 | D:3      | Found a bloodstained altar of Trog.
  2201 | D:3      | Found a hazy altar of Hepliaklqana.
  2347 | D:3      | Reached skill level 5 in Axes
  2347 | D:3      | Reached XP level 6. HP: 57/57 MP: 5/5
  2711 | D:4      | Reached skill level 5 in Armour
  2826 | D:4      | Reached skill level 6 in Fighting
  2841 | D:4      | Found a glowing golden altar of the Shining One.
  2850 | D:4      | Found a broken altar of Ashenzari.
  2925 | D:4      | Found a hazy altar of Hepliaklqana.
  3049 | D:4      | Identified the ring "Upozu" {rPois rF+ rC+ Will+ Dex+3}
  3216 | D:4      | Found a shimmering blue altar of Sif Muna.
  3335 | D:4      | Incinerated by a bombardier beetle

Illustrated notes

Levels and vault maps discovered:
D:1:      wander_arrival_estate, layout_loops_corners, serial_shops,
          nicolae_square_shop, nicolae_the_louvre
D:2:      layout_basic, minmay_misc_feat_plants, minmay_pentomino_v4,
          uniq_natasha
D:3:      cheibrodos_fertilizer, layout_basic, marbit_many_paths, serial_shops,
          shop_statue, dreamdust_wishing_well,
          amcnicky_mini_rare_corridor_liquid, st_stairs_9
D:4:      layout_loops_ring, lemuel_coloured_pillars_altar,
          mainiacjoe_overflow_alcove_4, amethyst_overflow_temple_binary,
          dreamdust_princess_corridor, minmay_fractal_squares_5

Skill      XL: |  1  2  3  4  5  6 |
---------------+-------------------+-----
Fighting       | 4 5 6 |  6.2
Axes           | 3 4 5 |  5.5
Armour         | 4 5 |  5.1
Shields        | 4 |  4.2

Action                     |  1- 3 |  4- 6 || total
---------------------------+-------+-------++-------
  Melee: War axe           |    66 |   166 ||   232
         Headbutt          |     9 |    19 ||    28
 Armour: Scale mail        |    67 |    99 ||   166
  Dodge: Dodged            |    49 |    56 ||   105
  Block: Buckler           |    20 |    13 ||    33
         Kite shield       |       |    41 ||    41

Table legend: (Time is in decaauts)
 A = Elapsed time spent in this place.
 B = Non-inter-level travel time spent in this place.
 C = Inter-level travel time spent in this place.
 D = Time resting spent in this place.
 E = Time spent auto-exploring this place.
 F = Levels seen in this place.
 G = Mean time per level.
                   A        B        C        D        E       F      G
               +--------+--------+--------+--------+--------+-----+--------+
         Total |   3430 |   3388 |     42 |    221 |   2544 |   4 |  857.5 |
       Dungeon |   3430 |   3388 |     42 |    221 |   2544 |   4 |  857.5 |
               +--------+--------+--------+--------+--------+-----+--------+

Top non-repeatable levels by time:
     D:2: 1001 daAuts
     D:1: 867 daAuts
     D:4: 853 daAuts
     D:3: 708 daAuts
